 Dungeon Crawl Stone Soup version 0.18-a0-1243-g9e52518 (webtiles) character file.

90 nuthulu the Skirmisher (level 4, 0/30 HPs)
             Began as a Gargoyle Fighter on Feb 5, 2016.
             Killed by divine providence
             ... invoked by an orc priest
              (14 damage)
             ... on level 3 of the Dungeon.
             The game lasted 00:03:12 (1466 turns).

nuthulu the Skirmisher (Gargoyle Fighter)           Turns: 1466, Time: 00:03:12

Health: 0/30       AC: 10    Str: 19    XL:     4   Next: 56%
Magic:  4/4        EV:  7    Int:  9    God:
Gold:   134        SH:  9    Dex: 10    Spells: 0 memorised, 3 levels left

rFire  . . .     SeeInvis .     a - +0 flail
rCold  . . .     Gourm    .     b - +0 scale mail
rNeg   + . .     Faith    .     c - +0 shield
rPois  ∞         Spirit   .     (no helmet)
rElec  +         Dismiss  .     (no cloak)
rCorr  .         Reflect  .     (no gloves)
SustAt .         Harm     .     (no boots)
MR     .....                    (no amulet)
Stlth  ..........               (no ring)
                                (no ring)

@: not resistant to hostile enchantments, extremely unstealthy
A: negative energy resistance 1, electricity resistance, unbreathing,
petrification resistance, rot immunity, AC +3
a: no special abilities


You were on level 3 of the Dungeon.
You were not hungry.

You visited 1 branch of the dungeon, and saw 3 of its levels.

You collected 134 gold pieces.

Inventory:

Hand Weapons
 a - a +0 flail (weapon)
Armour
 b - a +0 scale mail (worn)
 c - a +0 shield (worn)
Jewellery
 e - a +4 amulet of reflection {unknown}
Wands
 i - a wand of iceblast (8/15)
Scrolls
 m - a scroll of teleportation
Potions
 d - a potion of might
 h - a potion of heal wounds {unknown}
 j - 2 potions of brilliance
 l - a potion of agility {unknown}
Comestibles
 f - a bread ration
 g - 3 chunks of flesh
 k - a beef jerky


   Skills:
 + Level 4.5 Fighting
 + Level 3.6 Maces & Flails
 - Level 3.2 Armour
 - Level 3.2 Shields


You had 3 spell levels left.
You didn't know any spells.

Dungeon Overview and Level Annotations

Branches:
Dungeon (3/15)

Altars:


Innate Abilities, Weirdness & Mutations

You are resistant to torment.
Your stone body is resilient (AC +3).
You are immune to poison.
You resist negative energy.
You are resistant to electric shocks.
You can survive without breathing.
You are immune to petrification.
You are immune to rotting.


Message History

g - 2 chunks of flesh (gained 1);
g - 3 chunks of flesh (gained 1)
You see here a bat skeleton.
A rat comes into view.
Found a helmet and a scroll of remove curse.
A rat is nearby!
A giant frog comes into view.
The rat barely misses you.
You hit the rat.
You kill the rat!
An orc priest comes into view. It is wielding a dagger.
The orc priest shouts!
The orc priest mumbles some strange prayers to Beogh against you.
Something smites you!
Ouch! That really hurt!
An orc wizard comes into view. It is wielding a dagger.
The orc wizard shouts!
You block the giant frog's attack.
The orc priest invokes the aid of Beogh against you.
Something smites you!
You die...

##########
.....?.[.
.o......#
.o.....@#
######F.##
.........#
#######.##
#.# #.#
#.# #.#
#÷#


You could see a giant frog, an orc priest and an orc wizard.

Vanquished Creatures
  3 adders (D:2)
  An ooze (D:2)
  2 giant geckos (D:1)
  A ball python (D:1)
  3 giant cockroaches
  10 hobgoblins
  6 jackals
  5 bats
  6 goblins
  6 kobolds
  10 rats
53 creatures vanquished.

Vanquished Creatures (others)
  A hobgoblin (D:2)
1 creature vanquished.

Grand Total: 54 creatures vanquished

Notes
Turn   | Place    | Note
--------------------------------------------------------------
     0 | D:1      | nuthulu the Gargoyle Fighter began the quest for the Orb.
     0 | D:1      | Reached XP level 1. HP: 14/14 MP: 1/1
   146 | D:1      | Reached XP level 2. HP: 16/19 MP: 2/2
   389 | D:1      | Reached XP level 3. HP: 22/24 MP: 3/3
   663 | D:1      | Reached skill level 4 in Fighting
   992 | D:2      | Reached XP level 4. HP: 29/29 MP: 4/4
  1463 | D:3      | Noticed a giant frog
  1466 | D:3      | Killed from afar by an orc priest

Vault maps used:
D:1:      elethiomel_arrival_infinity_welcomes_careful_drivers
D:2:      hangedman_decor_points
D:3:      tgw_xom, nicolae_overflow_crystal_walls,
          gammafunk_temple_overflow_elements, first_bread,
          small_statue_intersection

Action                   |  1- 3 |  4- 6 || total
-------------------------+-------+-------++-------
Melee: Flail             |   134 |    54 ||   188
  Use: Scroll            |     3 |       ||     3
  Eat: Chunk             |     1 |     1 ||     2
